 Dungeon Crawl Stone Soup version 0.31-a0-1458-g2f8d4710b4 (webtiles) character file.

Game seed: 8170058781928190644

1817 Migho the Grappler (level 8, -4/108 HPs)
             Began as a Troll Shapeshifter on Dec 28, 2023.
             Was an Initiate of Okawaru.
             Slain by an orc warrior
             ... wielding a +0 long sword
              (12 damage)
             ... on level 7 of the Dungeon.
             The game lasted 00:16:44 (4948 turns).

Migho the Grappler (Troll Shapeshifter)             Turns: 4948, Time: 00:16:45

Health: -4/108     AC: 24    Str: 25    XL:     8   Next: 85%
Magic:  7/7        EV:  1    Int:  6    God:    Okawaru [......]
Gold:   341        SH:  0    Dex:  9    Spells: 7/7 levels left

rFire   . .          .
                       - Unarmed
rCold   . . .        (no shield)
rNeg    . . .        (body armour currently unavailable)
rPois   +            (helmet currently unavailable)
rElec   .            (cloak currently unavailable)
rCorr   .            (gloves unavailable)
SInv    .            (boots unavailable)
Will    .....        (no amulet)
Stlth   +            (no ring)
HPRegen 1.18/turn    (no ring)
MPRegen 0.10/turn

%: no passive effects
@: tree-form
A: stationary, stasis, torment immunity, boosted hp, large, unfitting armour,
(claws 3), regeneration 1, (shaggy fur 1), (tough skin 1)
a: Renounce Religion


You were on level 7 of the Dungeon.
You worshipped Okawaru.
Okawaru was noncommittal.
You were a tree.
You visited 2 branches of the dungeon, and saw 9 of its levels.
You also visited: Sewer.

You collected 341 gold pieces.

Inventory:

Armour
 a - a +0 animal skin
 n - a +0 robe
 r - a +0 cloak
 w - a scarf of invisibility
Talismans
 c - a beast talisman (active)
 d - a flux talisman
Wands
 x - a wand of iceblast (5)
Scrolls
 g - 4 scrolls of enchant weapon {unknown}
 i - 6 scrolls of identify {unknown}
 j - a scroll of amnesia {unknown}
 m - 2 scrolls of fear {unknown}
 o - a scroll of teleportation {unknown}
 p - a scroll of noise {unknown}
 s - a scroll of torment {unknown}
 v - 4 scrolls of fog {unknown}
 y - a scroll of poison {unknown}
Potions
 e - 2 potions of attraction {unknown}
 f - 3 potions of haste {unknown}
 h - 2 potions of might {unknown}
 k - 2 potions of degeneration {unknown}
 l - 2 potions of curing {unknown}
 q - a potion of resistance {unknown}
 t - a potion of heal wounds {unknown}
 u - a potion of enlightenment {unknown}


   Skills:
 + Level 2.3 Fighting
 + Level 3.7 Dodging
 + Level 8.8 Unarmed Combat
 * Level 6.3 Shapeshifting


You had 7 spell levels left.
You didn't know any spells.
Your spell library contained the following spells:

 Spells                   Type           Power      Damage    Failure   Level
 Freeze                   Ice            0%         1d3       45%         1
 Kiss of Death            Conj/Necr      0%         2d5       45%         1
 Confusing Touch          Hex            0%         N/A       83%         3
 Frozen Ramparts          Ice            0%         1d1       83%         3
 Hailstorm                Conj/Ice       0%         3d5       83%         3
 Dispel Undead            Necr           0%         3d6       99%         4


Dungeon Overview and Level Annotations

Branches:
Dungeon (8/15)             Temple (1/1) D:6           Sewer (visited)
   Lair: D:8-11

Altars:
Ashenzari
Cheibriados
Dithmenos
Fedhas
Gozag
Hepliaklqana
Kikubaaqudgha
Nemelex Xobeh
Okawaru
Ru
Uskayaw
Vehumet
Wu Jian
Xom
Yredelemnul
Zin
The Shining One

Shops:
D:2 (


Innate Abilities, Weirdness & Mutations

You are a tree.
Your roots penetrate the ground, keeping you stationary.
You cannot be teleported.
You are immune to unholy pain and torment.
Your maximum health is greatly increased.
Your equipment is partially melded.
You are too large for most types of armour.
((You have claws for hands.))
Your natural rate of healing is unusually fast.
((You are covered in fur. (AC +1)))
((You have tough skin. (AC +1)))


Message History

You hit the orc.
The orc is severely wounded.
The orc warrior hits you but does no damage.
The orc hits you but does no damage.
You closely miss the orc warrior.
The orc warrior is severely wounded.
The orc warrior hits you but does no damage.
The orc hits you but does no damage.
You smack the orc!
You kill the orc!
Okawaru accepts your kill.
The orc warrior hits you but does no damage.
You hit the orc warrior but do no damage.
The orc warrior is severely wounded.
The hound bites you.
* * * LOW HITPOINT WARNING * * *
The orc warrior hits you with a +0 long sword.
* * * LOW HITPOINT WARNING * * *
You hit the orc warrior but do no damage.
The orc warrior is severely wounded.
The hound bites you but does no damage.
The orc warrior hits you with a +0 long sword.
* * * LOW HITPOINT WARNING * * *
The hound bites you but does no damage.
You barely miss the hound. The hound bites you but does no damage.
The orc warrior hits you but does no damage.
You barely miss the orc warrior.
The orc warrior is severely wounded.
The hound bites you but does no damage.
You barely miss the hound. The hound bites you but does no damage.
The orc warrior hits you but does no damage.
You barely miss the orc warrior.
The orc warrior is severely wounded.
The hound bites you but does no damage.
The orc warrior hits you but does no damage.
You closely miss the orc warrior.
The orc warrior is severely wounded.
The hound completely misses you.
The orc warrior hits you with a +0 long sword!
You die...

##..B..# #..# #.## #†#
## #.# #.. #.# #..#
##B# #..###### #oh#
#..#.... #####♣##
#.)<.## #>..#.#
##.#..# ###...##
##.##.. ###..# #..# #.
#..## ###.## #
###...######...#
###...#......#.###
##...########...######
#..### ###...........


You could see an orc warrior, a bombardier beetle and a hound.

Vanquished Creatures
  Duvessa (D:6)
  A water moccasin (D:6)
  Pargi (Sewer)
  2 ice beasts
  2 kobold brigands
  A bullfrog (D:6)
  A gnoll sergeant (D:5)
  2 scorpions
  3 wights (D:6)
  Dowan (D:6)
  2 bombardier beetles (D:4)
  4 hounds
  3 jellies
  4 iguanas
  3 sleepcaps
  Jessica (D:2)
  Robin (D:2)
  10 adders
  A white imp (D:6)
  2 ufetubi (D:5)
  A worm (D:4)
  5 dart slugs
  12 orcs
  9 endoplasms
  9 giant cockroaches
  15 goblins
  12 hobgoblins
  8 jackals (D:3)
  12 kobolds
  3 quokkas
  5 ball pythons
  8 bats
  5 frilled lizards
  7 rats
157 creatures vanquished.

Notes
Turn   | Place    | Note
-------+----------+-------------------------------------------
     0 | D:1      | Migho the Troll Shapeshifter began the quest for the Orb.
     0 | D:1      | Reached XP level 1. HP: 18/18 MP: 0/0
    88 | D:1      | Reached XP level 2. HP: 24/26 MP: 1/1
   292 | D:1      | Reached XP level 3. HP: 32/32 MP: 2/2
   762 | D:2      | Found Oputses's Weapon Boutique.
   772 | D:2      | Noticed Jessica
   780 | D:2      | Killed Jessica
   781 | D:2      | Reached skill level 1 in Fighting
   858 | D:2      | Reached XP level 4. HP: 28/41 MP: 3/3
   873 | D:2      | Found a faded altar of an unknown god.
   912 | D:2      | Noticed Robin
   934 | D:2      | Reached skill level 4 in Unarmed Combat
   943 | D:2      | Killed Robin
   963 | D:2      | Found an opulent altar of Gozag.
  1179 | D:3      | Reached XP level 5. HP: 48/48 MP: 4/4
  1313 | D:3      | Found a glowing drain.
  1316 | Sewer    | Entered a sewer
  1429 | Sewer    | Reached XP level 6. HP: 44/55 MP: 5/5
  1449 | Sewer    | Noticed Pargi
  1455 | Sewer    | Killed Pargi
  1456 | Sewer    | Reached skill level 5 in Unarmed Combat
  1542 | D:3      | You fall into a shaft and drop 1 floor!
  1620 | D:3      | Found a hide-covered altar of Uskayaw.
  1624 | D:3      | Found a snail-covered altar of Cheibriados.
  1629 | D:3      | Found a glowing silver altar of Zin.
  2170 | D:4      | Reached XP level 7. HP: 62/62 MP: 6/6
  2462 | D:4      | Found a sacrificial altar of Ru.
  2666 | D:5      | Entered Level 5 of the Dungeon
  2676 | D:5      | Reached skill level 6 in Unarmed Combat
  2895 | D:5      | Reached skill level 5 in Shapeshifting
  2936 | D:5      | Identified the +11 sling "Nyrchuafu" {elec, rF+ Will+ Dex+4
                  | SInv}
  3134 | D:5      | Reached skill level 7 in Unarmed Combat
  3387 | D:6      | Noticed Duvessa
  3387 | D:6      | Noticed Dowan
  3397 | D:6      | Killed Duvessa
  3398 | D:6      | Reached XP level 8. HP: 45/72 MP: 7/7
  3412 | D:6      | Killed Dowan
  3690 | D:6      | Reached skill level 8 in Unarmed Combat
  3690 | D:6      | HP: 2/70 [wight/+3 trident (2)]
  4317 | D:6      | Found a staircase to the Ecumenical Temple.
  4574 | Temple   | Entered the Ecumenical Temple
  4599 | Temple   | Became a worshipper of Warmaster Okawaru
  4784 | D:7      | Found an ornate altar of the Wu Jian Council.
  4935 | D:7      | HP: 5/108 [orc warrior/+0 long sword (7)]
  4942 | D:7      | HP: 5/108 [orc warrior/+0 long sword (1)]
  4948 | D:7      | Slain by an orc warrior

Illustrated notes

Levels and vault maps discovered:
D:1:      onia_arrival_mini_maze, layout_basic, minmay_hexomino_f4
D:2:      layout_rooms, hellmonk_ecumenical_altar_lost_god, basic_altar,
          serial_shops, nicolae_shop_bloodbath_and_beyond,
          corexii_leaking_fountain, uniq_robin, uniq_jessica
D:3:      layout_rooms, minmay_overflow_temple_star_quad,
          mainiacjoe_sewer_entry_somewhere_in_here_1, minmay_misc_feat_x,
          st_stairs_4
D:4:      layout_loops_ring, nicolae_ru_awakened_eye, minmay_misc_feat_ornament
D:5:      minmay_diamond_boxcup, layout_basic, minmay_misc_feat_hallway,
          st_stairs_7
D:6:      layout_layer_cave, temple_pool_b, uniq_duvessa
D:7:      layout_rooms, lemuel_crystal_altar, kennysheep_mini
D:8:      layout_loops_ring, led_sif_pool, general_overflow_altar,
          gammafunk_ghost_spectres
Temple:   minmay_temple_bridge_abc

Skill      XL: |  1  2  3  4  5  6  7  8 |
---------------+-------------------------+-----
Fighting       | 1 2 |  2.3
Unarmed Combat | 4 5 7 8 |  8.8
Shapeshifting  | 4 5 6 |  6.3
Dodging        | 2 3 |  3.7

Action                     |  1- 3 |  4- 6 |  7- 9 || total
---------------------------+-------+-------+-------++-------
  Melee: Unarmed           |    91 |   159 |   148 ||   398
         Punch             |     1 |     1 |     6 ||     8
    Use: Potion            |       |       |     1 ||     1
   Stab: Sleeping          |       |     1 |       ||     1
 Armour: Animal skin       |    49 |    47 |       ||    96
         Skin              |       |    52 |    98 ||   150
  Dodge: Dodged            |    43 |    72 |    69 ||   184
   Form: Beast             |     1 |       |       ||     1

Table legend: (Time is in decaauts)
 A = Elapsed time spent in this place.
 B = Non-inter-level travel time spent in this place.
 C = Inter-level travel time spent in this place.
 D = Time resting spent in this place.
 E = Time spent auto-exploring this place.
 F = Levels seen in this place.
 G = Mean time per level.
                   A        B        C        D        E       F      G
               +--------+--------+--------+--------+--------+-----+--------+
         Total |   4909 |   4898 |     11 |    152 |   2672 |  10 |  490.9 |
       Dungeon |   4693 |   4687 |      6 |    152 |   2672 |   8 |  586.6 |
        Temple |     48 |     43 |      5 |      0 |      0 |   1 |   48.0 |
         Sewer |    167 |    167 |      0 |      0 |      0 |   1 |  167.0 |
               +--------+--------+--------+--------+--------+-----+--------+

Top non-repeatable levels by time:
     D:6: 1394 daAuts
     D:4: 751 daAuts
     D:5: 710 daAuts
     D:1: 708 daAuts
     D:3: 630 daAuts
     D:2: 388 daAuts
   Sewer: 167 daAuts
     D:7: 108 daAuts
  Temple: 48 daAuts
     D:8: 1 daAuts
